Map: Year Zero LE

Players

Lambo - Winner!

  • Race: Zerg Zerg
  • Spawn Location: 11:00

AqueroN

  • Race: Terran Terran
  • Spawn Location: 1:00

VOD

Have the link to the VOD?

Description

Time

  • Played on: Jan. 23, 2019, 8:45 a.m.
  • Length: 19:48
Show
View Real Time Build Order
Export as new Build Order

Lambo Zerg - Winner!

Build Orders: Hatch First 

Get SALT Encoding   

  12  0:01  Drone  
  13  0:12  Overlord  
  13  0:17  Drone  
  14  0:31  Drone x2  
  16  0:50  Hatchery  
  16  0:52  Drone  
  16  0:56  Drone  
  17  0:59  Drone  
  18  1:10  Extractor  
  17  1:14  Spawning Pool  
  16  1:18  Drone  
  16  1:21  Drone  
  18  1:28  Drone  
  19  1:41  Drone  
  20  1:53  Overlord  
  20  2:01  Queen x2  
  20  2:03  Zergling x2  
  20  2:04  Zergling x2  
  26  2:11  Metabolic Boost  
  26  2:12  Drone  
  26  2:15  Drone  
  28  2:22  Drone  
  29  2:24  Drone  
  30  2:38  Hatchery  
  30  2:41  Drone  
  30  2:44  Drone  
  31  2:50  Queen  
  33  2:54  Overlord  
  33  2:59  Drone  
  33  3:02  Drone x2  
  36  3:14  Drone  
  36  3:15  Overlord  
  36  3:17  Drone x4  
  41  3:23  Queen  
  43  3:29  Overlord  
  43  3:33  Extractor  
  42  3:35  Queen  
  42  3:38  Drone x2  
  47  3:49  Zergling x6  
  47  3:52  Zergling x4  
  47  3:53  Zergling x2  
  47  3:54  Queen  
  54  4:03  Drone x3  
  54  4:06  Drone, Overlord  
  54  4:07  Drone  
  54  4:09  Drone  
  60  4:13  Drone x2  
  62  4:19  Spore Crawler  
  62  4:20  Lair  
  62  4:23  Drone  
  61  4:25  Drone  
  61  4:27  Spore Crawler  
  61  4:28  Drone  
  61  4:30  Drone  
  63  4:34  Drone x2  
  63  4:38  Baneling Nest  
  64  4:40  Extractor x2, Drone x2  
  64  4:41  Drone  
  64  4:44  Zergling x4  
  67  4:49  Spore Crawler  
  67  4:50  Drone x2  
  68  4:53  Drone x3  
  68  4:56  Drone  
  68  4:59  Drone  
  73  5:05  Drone  
  73  5:06  Extractor  
  73  5:07  Drone  
  73  5:09  Evolution Chamber  
  73  5:10  Evolution Chamber  
  73  5:12  Drone x2  
  73  5:17  Overlord  
  73  5:23  Overseer  
  73  5:25  Overlord, Overseer  
  73  5:26  Centrifical Hooks  
  73  5:32  Overlord  
  73  5:38  Hatchery  
  73  5:39  Drone x3  
  73  5:41  Drone x5, Hydralisk Den  
  79  5:46  Drone x3  
  79  5:47  Drone  
  79  5:48  Drone  
  84  5:51  Drone x2  
  84  5:53  Drone  
  84  5:56  Extractor  
  84  5:57  Extractor, Zerg Melee Weapons Level 1  
  85  6:01  Zerg Ground Armor Level 1  
  84  6:04  Drone  
  84  6:05  Drone x4  
  84  6:09  Drone  
  84  6:10  Drone x2  
  92  6:13  Grooved Spines  
  94  6:18  Drone x3  
  94  6:22  Overlord  
  94  6:23  Overlord  
  94  6:24  Overlord x2  
  95  6:31  Zergling x4  
  95  6:32  Baneling x8  
  97  6:35  Zergling x4  
  95  6:45  Zergling x20  
  104  6:51  Infestation Pit  
  104  6:52  Queen  
  105  6:55  Spore Crawler, Zergling x8  
  105  7:00  Zergling x8  
  112  7:05  Zergling x2  
  113  7:10  Drone x3  
  116  7:16  Overlord, Overseer  
  116  7:17  Hydralisk  
  116  7:19  Drone x2  
  120  7:24  Hydralisk x7  
  133  7:31  Drone  
  133  7:35  Hive  
  134  7:41  Overlord, Pneumatized Carapace  
  134  7:42  Overlord x2  
  134  7:47  Overlord  
  134  7:49  Overlord  
  134  7:50  Overlord  
  134  7:58  Zerg Ground Armor Level 2, Zerg Melee Weapons Level 2  
  134  7:59  Drone  
  134  8:00  Drone x5  
  134  8:02  Extractor  
  139  8:08  Zergling x6  
  139  8:09  Zergling x4  
  144  8:15  Hatchery  
  144  8:16  Drone x3  
  146  8:23  Drone  
  146  8:24  Drone x2  
  146  8:38  Zergling x40  
  166  8:55  Viper x4  
  165  8:59  Ultralisk Cavern, Adrenal Glands  
  165  9:00  Overlord  
  172  9:05  Overlord  
  172  9:08  Overlord  
  164  9:14  Overlord  
  164  9:21  Zergling x24  
  164  9:23  Baneling x11  
  176  9:24  Hydralisk  
  178  9:32  Overseer  
  178  9:36  Overseer  
  178  9:38  Extractor  
  178  9:40  Hydralisk x2  
  178  9:41  Zergling x26  
  194  9:55  Zergling x2  
  194  9:56  Hatchery, Zergling x8  
  196  10:11  Chitinous Plating  
  196  10:24  Hatchery  
  195  10:31  Nydus Network, Unknown  
  195  10:32  Unknown  
  193  10:36  Ultralisk  
  199  10:47  Zerg Ground Armor Level 3, Zerg Missile Weapons Level 1  
  199  10:54  Hatchery  
  198  11:04  Baneling  
  198  11:05  Baneling x11  
  193  11:14  Ultralisk x3  
  190  11:26  Ultralisk, Zergling x8  
  190  11:29  Anabolic Synthesis  
  192  11:33  Baneling x8, Zergling x14  
  192  11:35  Baneling x3  
  199  11:42  Overlord  
  199  11:46  Baneling x7  
  183  11:55  Zergling x54  
  192  12:01  Ultralisk, Zergling x6  
  194  12:12  Zergling x14  
  199  12:27  Baneling x10  
  199  12:28  Baneling x6  
  197  12:40  Nydus Canal  
  196  12:48  Zergling x6  
  199  12:52  Baneling x22  
  199  13:00  Zergling x4  
  199  13:01  Burrow, Zergling x2  
  192  13:07  Spore Crawler  
  192  13:11  Zergling x38  
  162  13:20  Ultralisk  
  162  13:22  Nydus Canal  
  158  13:28  Hydralisk  
  158  13:29  Zergling x8  
  162  13:35  Hydralisk x8  
  162  13:39  Nydus Canal  
  178  13:49  Zergling x10  
  178  13:54  Drone, Spire  
  178  13:55  Spire  
  182  13:56  Zerg Missile Weapons Level 2  
  182  13:57  Zerg Melee Weapons Level 3  
  182  14:05  Zergling x36  
  200  14:26  Baneling x6  
  191  14:40  Nydus Canal  
  191  14:45  Baneling x13  
  190  14:48  Zergling x2  
  190  14:49  Zergling x20  
  199  14:54  Muscular Augments  
  199  14:59  Baneling x11  
  191  15:03  Extractor  
  191  15:06  Zergling x28  
  179  15:16  Viper x4  
  179  15:19  Zergling x34  
  190  15:23  Zergling x2  
  190  15:28  Zergling x12  
  183  15:35  Baneling x4  
  179  15:38  Hydralisk  
  179  15:39  Hydralisk x4  
  179  15:40  Zergling x2  
  187  15:45  Zergling x10  
  187  15:46  Baneling x2  
  189  15:55  Baneling x11  
  178  15:57  Zergling x4  
  175  16:06  Zergling x12  
  180  16:11  Zergling x2  
  180  16:13  Baneling x7  
  180  16:17  Zergling x4  
  179  16:25  Zergling x12  
  162  16:30  Zergling x6  
  138  16:33  Zergling x6  
  123  16:41  Zergling x8  
  123  16:45  Zergling x6  
  117  16:50  Baneling  
  117  16:51  Baneling x7  
  111  16:56  Hydralisk x2  
  111  16:58  Zergling x2  
  115  17:02  Baneling x4  
  115  17:03  Zergling x2  
  112  17:10  Zergling x10  
  112  17:13  Zergling x4  
  99  17:20  Zergling x8  
  87  17:32  Ultralisk  
  88  17:42  Ultralisk  
  89  17:56  Ultralisk  
  89  18:04  Ultralisk Cavern  
  73  18:13  Ultralisk  
  76  18:34  Infestor  
  77  18:51  Ultralisk x3  
  93  19:04  Unknown  
  93  19:09  Ultralisk  
  91  19:28  Drone x5  
  91  19:30  Drone x3  
  91  19:31  Spawning Pool  
Show
View Real Time Build Order
Export as new Build Order

AqueroN Terran 

Build Orders: Gas First Reaper Expand, Hellion Banshee 

Get SALT Encoding   

  12  0:00  SCV  
  13  0:12  SCV  
  14  0:18  Supply Depot  
  14  0:25  SCV  
  15  0:31  Refinery  
  15  0:40  SCV  
  16  0:47  Barracks  
  16  0:52  SCV  
  17  1:04  SCV  
  18  1:16  SCV  
  19  1:33  Orbital Command  
  19  1:34  Reaper  
  20  1:45  Command Center  
  20  1:56  Factory  
  20  1:59  SCV  
  21  2:08  Barracks Reactor  
  21  2:11  SCV  
  21  2:13  Supply Depot  
  22  2:17  Refinery  
  22  2:23  SCV  
  23  2:35  SCV  
  24  2:47  SCV  
  25  2:52  Hellion x2  
  25  2:53  Starport, Marine  
  30  2:59  Orbital Command  
  30  3:02  SCV  
  31  3:14  Hellion x2  
  31  3:17  Barracks Tech Lab  
  31  3:19  SCV  
  36  3:26  SCV  
  37  3:27  Supply Depot  
  37  3:39  Hellion x2  
  37  3:40  SCV  
  37  3:41  SCV  
  43  3:46  Cloaking Field  
  43  3:49  Banshee  
  43  3:52  SCV  
  43  3:53  SCV  
  48  4:01  Supply Depot  
  48  4:05  SCV x2  
  52  4:10  Hellion x2  
  54  4:23  SCV x2  
  52  4:35  SCV  
  52  4:37  Command Center  
  53  4:38  Banshee  
  53  4:40  Supply Depot  
  53  4:42  Barracks Tech Lab  
  53  4:43  SCV  
  57  4:47  SCV  
  58  4:55  SCV  
  58  4:57  Factory Reactor  
  58  4:59  SCV  
  60  5:01  Barracks x2  
  59  5:07  SCV  
  59  5:10  Supply Depot  
  59  5:11  SCV  
  61  5:19  SCV  
  61  5:20  Stimpack, Marine  
  58  5:23  Engineering Bay  
  58  5:25  Engineering Bay  
  58  5:26  SCV  
  59  5:29  Supply Depot  
  59  5:32  SCV  
  60  5:37  Starport Reactor  
  60  5:38  SCV  
  61  5:42  Marine  
  61  5:44  SCV, Siege Tank  
  61  5:49  Barracks  
  66  5:50  Terran Infantry Armor Level 1, Terran Infantry Weapons Level 1  
  66  5:51  Barracks, Marine x2  
  66  5:54  Orbital Command  
  68  5:59  SCV x2  
  68  6:00  Marine x2  
  68  6:02  Marine  
  73  6:07  Supply Depot  
  73  6:09  Refinery  
  73  6:11  SCV x2, Marine x2  
  73  6:15  Medivac  
  73  6:17  Medivac  
  81  6:24  Orbital Command  
  81  6:25  Marine x3  
  84  6:29  SCV, Marine  
  84  6:30  SCV  
  87  6:35  Marine  
  88  6:43  Marine x3  
  88  6:45  Barracks Reactor x2  
  88  6:46  SCV x2  
  93  6:47  Marine  
  93  6:52  SCV  
  95  6:57  Medivac  
  95  6:58  SCV, Marine  
  95  6:59  Armory  
  95  7:00  Supply Depot, Marine  
  95  7:01  SCV, Marine x2  
  103  7:03  Refinery  
  103  7:04  SCV, Marine  
  105  7:10  SCV  
  105  7:13  SCV  
  105  7:14  Refinery x2  
  107  7:16  SCV  
  107  7:18  Marine  
  107  7:21  Marine x2  
  111  7:22  Marine  
  111  7:23  Marine x4  
  116  7:36  Marine  
  117  7:42  Supply Depot x2  
  117  7:43  Supply Depot  
  117  7:47  Terran Infantry Weapons Level 2  
  117  7:51  Terran Infantry Armor Level 2  
  117  8:02  Barracks  
  117  8:03  SCV, Siege Tank, Barracks, Marine x4  
  117  8:04  SCV x2  
  117  8:05  Marine x2  
  128  8:10  Combat Shield  
  129  8:15  Terran Vehicle Weapons Level 1  
  129  8:16  SCV x3, Factory  
  129  8:17  Supply Depot  
  132  8:25  Marine  
  132  8:26  Marine x6  
  139  8:27  Marauder  
  141  8:34  Marine  
  141  8:35  SCV x2, Medivac  
  146  8:42  Sensor Tower  
  146  8:48  Marine x2  
  146  8:49  Marine x4  
  146  8:50  Marauder  
  154  8:57  Command Center  
  150  9:08  SCV x3  
  144  9:10  Marine x4  
  144  9:11  Marine x4  
  144  9:13  Factory Tech Lab  
  144  9:14  Siege Tank  
  144  9:16  Supply Depot  
  155  9:24  Supply Depot  
  155  9:25  Supply Depot  
  155  9:26  Supply Depot  
  155  9:27  Supply Depot  
  155  9:29  Concussive Shells, Barracks Tech Lab x2, Supply Depot  
  155  9:37  Siege Tank  
  158  9:38  Supply Depot  
  158  9:40  Marine x5  
  158  9:42  Marine x3  
  158  9:43  Marauder, Medivac  
  170  9:46  Medivac  
  172  10:04  Marauder x2  
  176  10:07  Marine x5  
  176  10:08  Marine x2  
  176  10:10  Command Center  
  176  10:11  Planetary Fortress  
  183  10:16  Terran Infantry Weapons Level 3  
  183  10:22  Terran Infantry Armor Level 3  
  183  10:30  Siege Tank  
  181  10:36  Marine x4  
  181  10:37  Marine x4  
  181  10:38  Marauder x2  
  193  10:46  Sensor Tower  
  193  10:47  Marauder  
  195  10:50  Siege Tank  
  195  10:52  Barracks  
  195  10:53  Barracks  
  198  11:05  Unknown x4  
  195  11:27  Siege Tank x2  
  190  11:34  Marauder x2, Marine x2  
  190  11:37  Marine  
  197  11:41  Liberator x2  
  197  11:42  Marine  
  185  11:57  Marauder x2  
  185  11:59  Siege Tank x2  
  159  12:08  Marauder, Marine x4  
  149  12:09  Marine x2  
  149  12:11  Marine  
  146  12:18  Marauder x2  
  146  12:19  Refinery  
  146  12:20  Refinery  
  146  12:22  Ghost Academy  
  150  12:26  Marine x3  
  155  12:30  Marauder  
  155  12:31  Siege Tank x2  
  155  12:32  Marine x5  
  171  12:51  Marine, Ghost x3  
  165  12:52  Marine x6  
  165  12:53  Barracks Tech Lab x2  
  178  13:02  Medivac x2  
  178  13:03  Siege Tank x2  
  175  13:10  Marine x3  
  135  13:20  Marauder x2  
  135  13:24  Marine  
  135  13:25  Marine x7  
  135  13:26  Unknown  
  147  13:27  Marine  
  147  13:28  Marine x2, Unknown  
  147  13:29  Unknown  
  147  13:30  Orbital Command, Unknown  
  147  13:32  Medivac  
  152  13:35  Siege Tank x2  
  152  13:39  SCV x3  
  161  13:47  Marauder x2  
  162  13:58  Command Center  
  162  13:59  Ghost x3  
  162  14:00  Marine x5  
  162  14:01  Marine  
  174  14:03  Missile Turret  
  174  14:07  Siege Tank  
  177  14:15  Marine x3  
  180  14:21  Siege Tank  
  180  14:23  Marine x2  
  182  14:42  Medivac  
  179  14:48  Medivac  
  179  14:55  Marine x2  
  179  14:56  Marine x3  
  179  14:57  Siege Tank  
  187  15:04  Marine x2  
  187  15:05  Marine  
  187  15:07  Marine x3  
  187  15:16  Marine x4  
  177  15:33  Marine x4  
  179  15:38  Marine x2  
  176  16:03  Unknown  
  176  16:12  Marine  
  176  16:13  Unknown  
  176  16:14  Marine x7  
  176  16:15  Marine x5  
  176  16:18  Unknown x2  
  100  16:40  Marauder  
  100  16:46  Marine  
  95  16:54  Marine  
  93  17:11  Marine  
  93  17:12  Marine  
  93  17:15  Marine  
  76  17:26  Marine  
  75  17:35  Marine x2  
  71  17:49  Marine  
  72  17:51  Marine  
  72  17:52  Marine  
  74  18:03  Marine x2  
  76  18:15  Marine x2  
  78  18:29  Marine x2  
  78  18:30  Marine  
  71  18:51  Orbital Command  
Tags
 
Add a new tag
Caveats
  • Supply blocks, unpowered buildings, or Contaminate may cause inaccurate times.
  • Supply counts are checked every 10 seconds.